 Dungeon Crawl Stone Soup version 0.21-a0-509-gecc5317 (webtiles) character file.

168 Gerstahl the Skirmisher (level 5, 0/51 HPs)
             Began as a Naga Monk on Nov 30, 2017.
             Was a Believer of Okawaru.
             Slain by a slave (10 damage)
             ... led by Pikel
             ... on level 4 of the Dungeon.
             The game lasted 00:11:06 (3263 turns).

Gerstahl the Skirmisher (Naga Monk)                 Turns: 3263, Time: 00:11:07

Health: 0/51       AC:  3    Str: 13    XL:     5   Next: 49%
Magic:  1/1        EV: 11    Int: 10    God:    Okawaru [**....]
Gold:   164        SH:  0    Dex: 15    Spells: 4/4 levels left

rFire    + . .     SeeInvis +   v - +1 long sword of Indomitability {antimagic, rF+ rN+}
rCold    . . .     Gourm    +   (no shield)
rNeg     + . .     Faith    .   b - +0 robe
rPois    +         Spirit   .   (no helmet)
rElec    .         Reflect  .   (no cloak)
rCorr    .         Harm     .   n - +0 pair of gloves
MR       .....                  (no barding)
Stlth    ++........             l - amulet of the gourmand
HPRegen  0.17/turn              (no ring)
MPRegen  0.07/turn              (no ring)

@: short of breath, very slow
A: large, see invisible, deformed body, poison resistance, slowness 2, slow
metabolism 1, spit poison 1, AC +1
a: Spit Poison, Heroism, Renounce Religion


You were on level 4 of the Dungeon.
You worshipped Okawaru.
Okawaru was pleased with you.
You were full.

You visited 2 branches of the dungeon, and saw 6 of its levels.

You collected 164 gold pieces.

Inventory:

Hand Weapons
 a - a +0 falchion
 p - a +1 short sword of electrocution
 v - the +1 long sword of Indomitability (weapon) {antimagic, rF+ rN+}
   (You found it on level 4 of the Dungeon)

   It reduces the magical energy of the wielder, and disrupts the spells and
   magical abilities of those hit.
   Natural abilities and divine invocations are not affected.
   It protects you from fire.
   It protects you from negative energy.
Armour
 b - a +0 robe (worn)
 n - a +0 pair of gloves (worn)
Jewellery
 l - an amulet of the gourmand (around neck)
Wands
 r - a wand of random effects (25)
Scrolls
 e - 3 scrolls of identify {unknown}
 g - 5 scrolls of remove curse {unknown}
 m - 5 scrolls of teleportation {unknown}
 q - a scroll of magic mapping {unknown}
 u - a scroll of immolation {unknown}
Potions
 d - 4 potions of curing {unknown}
 f - a potion of flight {unknown}
 i - 2 potions of lignification {unknown}
 j - a potion of ambrosia {unknown}
 k - a potion of heal wounds {unknown}
 o - a potion of mutation {unknown}
 s - 3 potions of invisibility {unknown}
Comestibles
 c - 5 bread rations
 h - 3 meat rations
 t - a royal jelly
 w - 2 fruits


   Skills:
 + Level 4.7 Fighting
 + Level 4.7 Long Blades
 - Level 2.4 Dodging
 - Level 3.0 Stealth


You had 4 spell levels left.
You didn't know any spells.

Dungeon Overview and Level Annotations

Branches:
Dungeon (5/15)             Temple (1/1) D:4

Altars:
Ashenzari
Dithmenos
Elyvilon
Gozag
Makhleb
Nemelex Xobeh
Okawaru
Qazlal
Ru
Trog
Wu Jian
The Shining One


Innate Abilities, Weirdness & Mutations

You cannot wear boots.
Your serpentine skin is tough. (AC +1)
You have supernaturally acute eyesight. (SInv)
Armour fits poorly on your strangely shaped body.
Your system is resistant to poisons. (rPois)
You cover ground very slowly.
You have a slow metabolism.
You can spit poison.


Message History

The jackal bites you.
* * * LOW HITPOINT WARNING * * *
The jackal closely misses you.
You closely miss the jackal.
You have got your breath back.
The jackal barely misses you. The jackal closely misses you.
You closely miss the jackal.
The slave looks more healthy.
The jackal barely misses you.
You hit the jackal but do no damage.
The jackal bites you but does no damage. x2
Press: ? - help, Shift-Dir - straight line, f/p - slave
Aim: a slave, wearing an animal skin (severely wounded)
The splash of poison hits the jackal.
The jackal is poisoned.
You kill the jackal!
Okawaru accepts your kill.
You feel slightly less full.
You barely miss the slave.
The slave is severely wounded.
The slave hits you!
You die...

.....#.........#.#.# #.# ##≈§≈≈
..........>......#.# #.# ###⌠#
.....#.........#.#.####.# ###
...>.#..⌠...⌠..#......).# #.
##+#........)........#..# #.
.#...#........[#.(...#..# ##
.###.##.##.##.##.....#..#########
.# #.....#.##..#'#...............
.#######.#.##..#@######....(.....
...........##..#p#....#..........
..######.####..#...>..#..........
#.#....#.# #..########..........
#.#.##.#.####..............#+####
#.#.##.#(.......#######..#....#
#.#.##........#.#######).#.#..#
#.#.##................[..#.######
#.#.##...######.########.#.......


You could see a slave.

Vanquished Creatures
  2 orc wizards (D:4)
  4 adders
  2 oozes (D:2)
  2 worms (D:2)
  2 dart slugs
  2 leopard geckos
  3 orcs
  2 giant cockroaches
  9 goblins
  4 hobgoblins
  7 jackals
  6 kobolds
  A quokka (D:4)
  A ball python (D:4)
  4 bats
  10 rats
61 creatures vanquished.

Notes
Turn   | Place    | Note
-------+----------+-------------------------------------------
     0 | D:1      | Gerstahl the Naga Monk began the quest for the Orb.
     0 | D:1      | Reached XP level 1. HP: 21/21 MP: 1/1
   132 | D:1      | Reached XP level 2. HP: 28/28 MP: 2/2
   667 | D:2      | Reached XP level 3. HP: 30/34 MP: 3/3
  1015 | D:2      | Reached XP level 4. HP: 5/44 MP: 4/4
  2137 | D:3      | Found a stormy altar of Qazlal.
  2287 | D:3      | Found a sacrificial altar of Ru.
  2450 | D:4      | Found an ornate altar of the Wu Jian Council.
  2453 | D:4      | Found a shattered altar of Ashenzari.
  2453 | D:4      | Found a burning altar of Makhleb.
  2456 | D:4      | Found a shadowy altar of Dithmenos.
  2533 | D:4      | Reached XP level 5. HP: 37/51 MP: 5/5
  2565 | D:4      | Got a crystal long sword
  2566 | D:4      | Identified the +1 long sword of Indomitability {antimagic, rF+ rN+} (You found it on level 4 of the Dungeon)
  2651 | D:4      | Found a staircase to the Ecumenical Temple.
  2661 | Temple   | Entered the Ecumenical Temple
  2742 | Temple   | Became a worshipper of Warmaster Okawaru
  2742 | Temple   | Reached * piety under Okawaru
  2742 | Temple   | Reached ** piety under Okawaru
  2879 | D:4      | Found a bloodstained altar of Trog.
  3236 | D:5      | Entered Level 5 of the Dungeon
  3241 | D:5      | Noticed a slave
  3243 | D:5      | Noticed a slave
  3263 | D:4      | Slain by a slave

Vault maps used:
D:1:      lightli_iron_boxes, nrook_mini_backslash
D:2:      lemuel_upstairs_altar, first_bread, hex_medium
D:3:      nicolae_ru_path_of_blood, grunt_qazlal_clouds
D:4:      lightli_temple_of_fire, grunt_temple_overflow_open,
          minmay_temple_entry_large_hall
D:5:      gammafunk_temple_overflow_elements, kennysheep_slug_shrine,
          uniq_edmund, uniq_sigmund, uniq_pikel
Temple:   nicolae_temple_figure_zero

Skill      XL: |  1  2  3 |
---------------+----------+-----
Fighting       | 4 |  4.7
Long Blades    | 4 |  4.7
Dodging        | |  2.4
Stealth        | |  3.0

Action                   |  1- 3 |  4- 6 || total
-------------------------+-------+-------++-------
Melee: Falchion          |    45 |    10 ||    55
       Short sword       |       |    29 ||    29
       Long sword        |       |    10 ||    10
 Abil: Spit Poison       |    25 |    17 ||    42
 Stab: Sleeping          |       |     3 ||     3
  Eat: Chunk             |     1 |    11 ||    12
       Royal jelly       |       |     1 ||     1
Armor: Robe              |    11 |    28 ||    39
Dodge: Dodged            |    29 |    43 ||    72
       Rpst.: Falchion   |     8 |       ||     8
       Long sword        |       |     6 ||     6

Table legend:
 A = Spawn XP
 B = Non-spawn XP
 C = Spawn XP percentage of total XP
 D = Spawn monster count
 E = Non-spawn monster count
 F = Spawn count percentage of total count
 G = Total turns spent on level
                    A         B        C        D         E        F      G
               +---------+---------+-------+---------+---------+-------+---------
         Total |       0 |     241 |   0.0 |       0 |      61 |   0.0 |  3263
               +---------+---------+-------+---------+---------+-------+---------
           D:1 |       0 |      32 |   0.0 |       0 |      17 |   0.0 |   664
           D:2 |       0 |      61 |   0.0 |       0 |      20 |   0.0 |  1027
           D:3 |       0 |      63 |   0.0 |       0 |      16 |   0.0 |   666
           D:4 |       0 |      81 |   0.0 |       0 |       6 |   0.0 |   797
           D:5 |       0 |       4 |   0.0 |       0 |       2 |   0.0 |    17
               +---------+---------+-------+---------+---------+-------+---------
